 Dungeon Crawl Stone Soup version 0.20-a0-1116-gaa52201 (webtiles) character file.

23159 Chaoticas the Cleaver (level 12, 0/110 HPs)
             Began as a Minotaur Berserker on May 8, 2017.
             Was a High Priest of Trog.
             Succumbed to Sonja's poison
             ... on level 2 of the Lair of Beasts.
             The game lasted 00:33:47 (12367 turns).

Chaoticas the Cleaver (Minotaur Berserker)         Turns: 12367, Time: 00:33:47

Health: 0/110      AC: 27    Str: 24    XL:     12   Next: 69%
Magic:  11/11      EV: 10    Int:  6    God:    Trog [*****.]
Gold:   786        SH: 13    Dex: 11    Spells: 11/11 levels left

rFire    . . .     SeeInvis .   e - +3 morningstar of the Nexus {protect, MR++}
rCold    . . .     Gourm    .   k - +1 shield
rNeg     . . .     Faith    .   W - +10 plate armour {ponderous}
rPois    .         Spirit   .   q - +1 hat
rElec    .         Reflect  .   (no cloak)
rCorr    +         Harm     .   T - +0 pair of gloves
MR       ++++.                  (no boots)
Stlth    ..........             (no amulet)
Regen    1.3/turn               l - ring of resist corrosion
MPRegen  0.2/turn               (no ring)

@: lethally poisoned (0 -> -55), regenerating, slowed, very slow
A: retaliatory headbutt, horns 2
a: Berserk, Trog's Hand, Brothers in Arms, Burn Spellbooks, Renounce Religion


You were on level 2 of the Lair of Beasts.
You worshipped Trog.
Trog was extremely pleased with you.
You were very hungry.

You visited 3 branches of the dungeon, and saw 15 of its levels.

You collected 786 gold pieces.

Inventory:

Hand Weapons
 e - the +3 morningstar of the Nexus (weapon) {protect, MR++}
   (You found it on level 9 of the Dungeon)

   It protects the one who uses it against injury (+AC on strike).
   It affects your resistance to hostile enchantments.
 g - a +1 whip of flaming
   (You took it off Pikel on level 4 of the Dungeon)
 M - a +3 vampiric hand axe
   (You found it on level 6 of the Dungeon)
 S - a +2 flail of crushing {god gift}
   (Trog gifted it to you on level 1 of the Lair of Beasts)
 Z - a +0 flail of protection
   (You took it off an orc on level 8 of the Dungeon)
Armour
 k - a +1 shield (worn)
   (You took it off a kobold on level 1 of the Dungeon)
 p - a +3 chain mail
   (You found it on level 3 of the Dungeon)
 q - a +1 hat (worn)
   (You found it on level 9 of the Dungeon)
 T - a +0 pair of gloves (worn)
   (You found it on level 1 of the Lair of Beasts)
 W - a +10 plate armour of ponderousness (worn)
   (You took it off an orc warrior on level 8 of the Dungeon)
Jewellery
 l - a ring of resist corrosion (left hand)
   (You found it on level 1 of the Dungeon)
Wands
 a - a wand of confusion (21/48)
   (You found it on level 8 of the Dungeon)
 n - a wand of polymorph (7/24)
   (You found it on level 11 of the Dungeon)
 r - a wand of iceblast (1/15)
   (You found it on level 2 of the Dungeon)
 v - a wand of confusion (23/48)
   (You found it on level 9 of the Dungeon)
 w - a wand of scattershot (4/9)
   (You took it off Ijyb on level 4 of the Dungeon)
 y - a wand of acid (5/15)
   (You found it on level 4 of the Dungeon)
 C - a wand of lightning (7/15)
   (You found it on level 10 of the Dungeon)
 F - a wand of polymorph (19/24)
   (You found it on level 8 of the Dungeon)
 I - a wand of disintegration (10/24)
   (You took it off an orc wizard on level 11 of the Dungeon)
 U - a wand of random effects (25/48)
   (You found it on level 7 of the Dungeon)
Scrolls
 b - 2 scrolls of identify
 f - 6 scrolls of remove curse
 h - 8 scrolls of teleportation
 i - 3 scrolls of blinking
 j - 3 scrolls of enchant armour
 m - 3 scrolls of immolation
 s - 2 scrolls of fog
 N - a scroll of enchant weapon
Potions
 d - 2 potions of berserk rage
 o - 2 potions of haste
 t - 5 potions of curing
 u - 3 potions of heal wounds
 x - 2 potions of flight
 z - a potion of mutation
 A - 4 potions of brilliance
 B - a potion of lignification {unknown}
 E - a potion of ambrosia {unknown}
 G - 6 potions of might
 P - a potion of degeneration {unknown}
 Q - a potion of agility {unknown}
 R - 6 potions of cancellation
 V - 3 potions of resistance
Comestibles
 c - 8 bread rations
 D - 5 meat rations
 H - 8 chunks of flesh
 K - 3 royal jellies
 O - 4 fruits


   Skills:
 + Level 11.0 Fighting
 * Level 14.8 Axes
 + Level 11.0 Armour
 + Level 9.6 Dodging
 + Level 10.3 Shields


You had 11 spell levels left.
You didn't know any spells.

Dungeon Overview and Level Annotations

Branches:
Dungeon (12/15)            Temple (1/1) D:7            Lair (2/6) D:11
  Swamp: Lair:2-4    Shoals: Lair:2-4     Snake: Lair:2-4    Spider: Lair:2-4
    Orc: D:9-12

Altars:
Cheibriados
Dithmenos
Elyvilon
Fedhas
Gozag
Hepliaklqana
Kikubaaqudgha
Makhleb
Nemelex Xobeh
Okawaru
Qazlal
Ru
Sif Muna
Uskayaw
Vehumet
Wu Jian
Xom
Yredelemnul
Zin
The Shining One
Beogh

Shops:
D:6 !   D:7 ?

Annotations:
D:9 exclusion: statue
Lair:2 Sonja


Innate Abilities, Weirdness & Mutations

You reflexively headbutt those who attack you in melee.
You have a pair of horns on your head.


Message History

Sonja hits you but does no damage. Sonja barely misses you. Sonja misses you.
You closely miss Sonja.
* * * LOW HITPOINT WARNING * * *
You feel extremely sick. You block Sonja's attack.
Sonja hits you with an uncursed short sword of venom.
* * * LOW HITPOINT WARNING * * *
You are lethally poisoned!
Sonja closely misses you.
You closely miss Sonja.
* * * LOW HITPOINT WARNING * * *
You feel extremely sick. Sonja hits you but does no damage.
You are more poisoned.
You block Sonja's attack. x2; Sonja hits you but does no damage. x2
You are more poisoned.
You block Sonja's attack.
You barely miss Sonja.
* * * LOW HITPOINT WARNING * * *
You feel extremely sick.
You block Sonja's attack. x3; Sonja misses you.
Sonja closely misses you. Sonja barely misses you.
Unknown command.
You closely miss Sonja.
* * * LOW HITPOINT WARNING * * *
You feel extremely sick. You block Sonja's attack.
Sonja hits you but does no damage.
You are more poisoned.
You block Sonja's attack.
You completely miss Sonja.
* * * LOW HITPOINT WARNING * * *
You feel extremely sick.
Sonja hits you with an uncursed short sword of venom.
* * * LOW HITPOINT WARNING * * *
You are more poisoned.
Sonja completely misses you. You block Sonja's attack.
You are too berserk!
Unknown command.
You completely miss Sonja. Your headbutt misses Sonja.
* * * LOW HITPOINT WARNING * * *
You feel extremely sick.
Sonja casts a spell.
Sonja blinks!
* * * LOW HITPOINT WARNING * * *
You feel extremely sick.
You feel a strong urge to attack something.
You are no longer berserk.
You are exhausted.
You feel as though you will be slow longer.
You die...

##..>.......+ #..##
#........... #...##
####(...#.# ###..##
#.#....P.## #....##
#.....(..#### ####....#
#......(....#####.#....###
#......K((......###.......#
#.........#..##...........#
#.#.........@####..........##
###........### #..#.........
#........# #..P.).......
#........# #..........#.
###.##.... ##.#......#.#
##.##P..## ##..#..#.###
##....PP(## ###......#
#.#.......## ##.####..###
#.........# #..........#


You could see Sonja.

Vanquished Creatures
  Snorg (D:12)
  3 hydras
  A centaur warrior (D:11)
  3 two-headed ogres
  The ghost of nebgrebaes the Skirmisher, a novice MfMo (D:5)
  Pikel (D:4)
  A cyclops (D:11)
  Joseph (D:7)
  4 spiny frogs
  2 komodo dragons
  A kobold demonologist (D:11)
  2 trolls
  A wolf spider simulacrum (D:11)
  A hornet (D:12)
  6 hippogriffs
  Sigmund (D:2)
  21 yaks
  2 wyverns
  A wraith (D:12)
  A basilisk (Lair:2)
  A hungry ghost (D:11)
  Menkaure (D:4)
  2 acid dragons
  A porcupine (Lair:2)
  A hell hound (D:10)
  2 water moccasins
  3 ice beasts
  6 orc warriors
  A phantom (D:9)
  An eye of draining (D:11)
  5 necrophages (D:9)
  2 sky beasts
  4 ogres
  3 centaurs
  4 wolves (Lair:1)
  A crocodile (Lair:2)
  2 big kobolds (D:8)
  11 bullfrogs
  2 scorpions
  9 wights
  10 killer bees
  An electric eel (Lair:1)
  2 howler monkeys (D:7)
  A vampire bat (D:5)
  5 crimson imps
  A centaur zombie (D:6)
  2 bullfrog zombies
  11 hounds
  A quasit (D:10)
  3 jellies (D:3)
  8 orc priests
  3 centaur skeletons
  2 bullfrog skeletons (D:8)
  6 orc wizards
  2 iguanas (D:8)
  Ijyb (D:4)
  9 worker ants
  3 hound zombies
  A mummy (D:9)
  2 howler monkey zombies
  A worker ant zombie (D:8)
  7 gnolls
  7 adders
  3 shadow imps
  9 oozes (D:3)
  A worm (D:2)
  A dart slug (D:3)
  3 fire bats (D:5)
  4 leopard geckos
  65 orcs
  2 spectral bats (D:5)
  3 bat skeletons (D:5)
  A bat zombie (D:5)
  5 giant cockroaches
  6 goblins
  5 hobgoblins
  18 jackals
  4 quokkas
  A ball python (D:1)
  21 bats
  A bat simulacrum (D:5)
  5 frilled lizards
  27 kobolds
  5 rats (D:2)
396 creatures vanquished.

Vanquished Creatures (collateral kills)
  The ghost of Chaoticas the Cleaver, a journeyman MiBe of Trog (D:10)
  A hydra (D:10)
  A hell hound (D:10)
  A worker ant (D:10)
4 creatures vanquished.

Vanquished Creatures (others)
  A howler monkey (D:4)
  A worm (D:4)
  2 leopard geckos (D:4)
  A quokka skeleton (D:4)
  2 fungi (D:3)
  A plant (Lair:2)
  7 toadstools (D:3)
15 creatures vanquished.

Grand Total: 415 creatures vanquished

Notes
Turn   | Place    | Note
-------+----------+-------------------------------------------
     0 | D:1      | Chaoticas the Minotaur Berserker began the quest for the Orb.
     0 | D:1      | Reached XP level 1. HP: 19/19 MP: 0/0
   338 | D:1      | Reached XP level 2. HP: 20/27 MP: 1/1
   390 | D:1      | Reached skill level 4 in Axes
   927 | D:2      | Reached ** piety under Trog
   931 | D:2      | Found a stormy altar of Qazlal.
   932 | D:2      | Noticed Sigmund
   948 | D:2      | Killed Sigmund
   948 | D:2      | Reached skill level 4 in Fighting
   948 | D:2      | Reached skill level 5 in Axes
   948 | D:2      | Reached skill level 3 in Armour
   948 | D:2      | Reached skill level 3 in Dodging
   948 | D:2      | Reached skill level 2 in Shields
   948 | D:2      | Reached XP level 3. HP: 34/34 MP: 2/2
   948 | D:2      | Reached XP level 4. HP: 41/41 MP: 3/3
   948 | D:2      | Reached XP level 5. HP: 47/47 MP: 4/4
  1142 | D:2      | Identified a book of Minor Magic
  1487 | D:3      | Reached XP level 6. HP: 52/53 MP: 5/5
  1669 | D:3      | Reached skill level 4 in Armour
  2191 | D:3      | Reached *** piety under Trog
  2242 | D:3      | Reached skill level 6 in Axes
  2244 | D:3      | Reached skill level 4 in Dodging
  2253 | D:3      | HP: 25/55 [acid (3)]
  2255 | D:3      | Reached skill level 5 in Fighting
  2526 | D:4      | Reached XP level 7. HP: 61/61 MP: 6/6
  2617 | D:4      | Noticed Ijyb
  2622 | D:4      | Killed Ijyb
  2651 | D:4      | Noticed Menkaure
  2659 | D:4      | HP: 28/61 [Menkaure (11)]
  2664 | D:4      | HP: 4/61 [Menkaure (15)]
  2665 | D:4      | Killed Menkaure
  2665 | D:4      | Reached skill level 3 in Shields
  2913 | D:4      | Noticed Pikel
  2924 | D:4      | Killed Pikel
  2924 | D:4      | Reached skill level 7 in Axes
  2924 | D:4      | Reached skill level 5 in Armour
  2924 | D:4      | Reached skill level 5 in Dodging
  2924 | D:4      | Reached XP level 8. HP: 70/70 MP: 7/7
  3183 | D:5      | Entered Level 5 of the Dungeon
  3202 | D:5      | Reached skill level 6 in Fighting
  3202 | D:5      | Reached skill level 4 in Shields
  3219 | D:5      | Reached skill level 8 in Axes
  3314 | D:5      | Found a shadowy altar of Dithmenos.
  3408 | D:5      | Noticed nebgrebaes's ghost (novice MfMo)
  3437 | D:5      | Killed nebgrebaes's ghost
  3437 | D:5      | Reached skill level 6 in Armour
  3619 | D:5      | Reached skill level 9 in Axes
  3740 | D:5      | Reached **** piety under Trog
  3748 | D:5      | Reached XP level 9. HP: 78/78 MP: 8/8
  4013 | D:6      | Reached skill level 6 in Dodging
  4013 | D:6      | Reached skill level 5 in Shields
  4330 | D:6      | Reached skill level 7 in Fighting
  4519 | D:6      | Found Etasoas's Distillery.
  4617 | D:6      | Identified a book of Maledictions
  4880 | D:6      | Reached ***** piety under Trog
  4933 | D:7      | Found a glowing silver altar of Zin.
  4935 | D:7      | Noticed an angel
  4944 | D:7      | Found a shimmering altar of Xom.
  4946 | D:7      | Noticed a two-headed ogre
  4961 | D:7      | Killed a two-headed ogre
  4961 | D:7      | Reached skill level 10 in Axes
  4961 | D:7      | Reached skill level 7 in Armour
  4961 | D:7      | Reached skill level 6 in Shields
  5027 | D:7      | Noticed Joseph
  5046 | D:7      | Killed Joseph
  5046 | D:7      | Reached XP level 10. HP: 88/88 MP: 9/9
  5048 | D:7      | Reached skill level 7 in Dodging
  5100 | D:7      | Reached skill level 8 in Fighting
  5131 | D:7      | Found Ihoycu's Magic Scroll Shop.
  5296 | D:7      | Found a staircase to the Ecumenical Temple.
  5705 | D:8      | Reached skill level 11 in Axes
  5716 | D:8      | Reached skill level 8 in Armour
  5724 | D:8      | Received a gift from Trog
  5753 | D:8      | HP: 34/88 [orc warrior/scimitar (20)]
  5758 | D:8      | HP: 21/88 [orc warrior/scimitar (17)]
  5770 | D:8      | HP: 38/132 [orc warrior/scimitar (11)]
  5897 | D:8      | Found a roughly hewn altar of Beogh.
  6109 | D:8      | Reached skill level 7 in Shields
  6530 | Temple   | Entered the Ecumenical Temple
  7070 | D:9      | Got a steaming morningstar
  7087 | D:9      | Reached skill level 12 in Axes
  7105 | D:9      | Identified the +3 morningstar of the Nexus {protect, MR++} (You found it on level 9 of the Dungeon)
  7227 | D:9      | Found a radiant altar of Vehumet.
  7267 | D:10     | Entered Level 10 of the Dungeon
  7285 | D:10     | Noticed Chaoticas's ghost (journeyman MiBe)
  7296 | D:10     | Killed Chaoticas's ghost
  7296 | D:10     | Reached skill level 9 in Armour
  7302 | D:10     | Received a gift from Trog
  7504 | D:10     | Reached XP level 11. HP: 95/95 MP: 10/10
  7510 | D:10     | Reached skill level 9 in Fighting
  7615 | D:10     | Reached skill level 8 in Shields
  7767 | D:10     | Reached skill level 8 in Dodging
  7795 | D:10     | Noticed a two-headed ogre
  7803 | D:10     | Killed a two-headed ogre
  8024 | D:11     | Found a staircase to the Lair.
  8151 | D:11     | Noticed a four-headed hydra
  8192 | D:10     | Killed a ten-headed hydra
  8192 | D:10     | Reached skill level 13 in Axes
  8320 | D:11     | Noticed a sixfirhy
  8324 | D:11     | Noticed a sun demon
  8520 | D:11     | Noticed a two-headed ogre
  8532 | D:11     | Killed a two-headed ogre
  8804 | D:11     | Reached skill level 10 in Fighting
  8815 | D:11     | Noticed a centaur warrior
  8827 | D:11     | Killed a centaur warrior
  8827 | D:11     | Reached skill level 10 in Armour
  8827 | D:11     | Reached skill level 9 in Shields
  9369 | D:11     | HP: 49/99 [something (3)]
  9374 | D:11     | HP: 39/99 [something (1)]
  9388 | D:11     | HP: 37/99 [something (6)]
  9431 | D:10     | HP: 38/99 [hippogriff (5)]
 10004 | D:11     | Reached XP level 12. HP: 103/106 MP: 11/11
 10203 | D:12     | Noticed Snorg
 10218 | D:12     | HP: 50/106 [Snorg (6)]
 10225 | D:12     | Killed Snorg
 10225 | D:12     | Reached skill level 9 in Dodging
 10524 | D:12     | Reached skill level 14 in Axes
 10605 | Lair:1   | Entered Level 1 of the Lair of Beasts
 10782 | Lair:1   | Received a gift from Trog
 11261 | Lair:1   | HP: 54/108 [poisoned by a spiny frog]
 11268 | Lair:1   | HP: 53/108 [poisoned by a spiny frog]
 11275 | Lair:1   | HP: 53/108 [poisoned by a spiny frog]
 11283 | Lair:1   | HP: 53/108 [poisoned by a spiny frog]
 11610 | Lair:1   | Noticed a five-headed hydra
 11617 | Lair:1   | Killed a five-headed hydra
 11902 | Lair:2   | Reached skill level 10 in Shields
 11958 | Lair:2   | Noticed a four-headed hydra
 11967 | Lair:2   | Killed a four-headed hydra
 12049 | Lair:2   | Noticed a six-headed hydra
 12061 | Lair:2   | Killed a six-headed hydra
 12061 | Lair:2   | Reached skill level 11 in Fighting
 12061 | Lair:2   | Reached skill level 11 in Armour
 12347 | Lair:2   | Noticed Sonja
 12357 | Lair:2   | HP: 51/110 [Sonja/uncursed short sword of venom (5)]
 12362 | Lair:2   | HP: 39/165 [poisoned by Sonja]
 12365 | Lair:2   | HP: 15/165 [poisoned by Sonja]
 12367 | Lair:2   | Succumbed to Sonja's poison

Vault maps used:
D:1:      lightli_arrival_statue_moat
D:2:      nicolae_qazlal_general_emergency, uniq_sigmund
D:3:      cheibrodos_fertilizer, tgw_trog
D:4:      uniq_pikel, uniq_menkaure, uniq_ijyb
D:5:      lemuel_round_altar, first_bread, goddamned_bats
D:6:      serial_shops, shop
D:7:      grunt_temple_overflow_order_and_chaos_1, minmay_temple_entry_glass,
          serial_shops, nicolae_shop_statue_plus, uniq_joseph
D:8:      nicolae_overflow_hidden_temple, special_room
D:9:      vehumet_statue, serial_undead, serial_undead_d, serial_undead_f,
          serial_undead_b, serial_undead_e, serial_undead_c, serial_undead_e
D:11:     minmay_lair_entry_lava
D:12:     david_orc_1_choice, serial_shops, shop, uniq_snorg
Temple:   regret_index_temple_generic_petals
Lair:1:   minmay_holes, serial_bayou_shore_a
Lair:2:   uniq_sonja

Skill      XL: |  1  2  3  4  5  6  7  8  9 10 11 12 |
---------------+-------------------------------------+-----
Axes           | 5 6 7 9 10 12 13 14 | 14.8
Fighting       | 4 5 6 7 8 10 11 | 11.0
Armour         | 3 4 5 6 7 9 10 11 | 11.0
Dodging        | 3 4 5 6 7 8 9 |  9.6
Shields        | 2 3 4 6 7 9 10 | 10.3

Action                   |  1- 3 |  4- 6 |  7- 9 | 10-12 || total
-------------------------+-------+-------+-------+-------++-------
Melee: Hand axe          |    42 |   156 |   320 |   820 ||  1338
       Headbutt          |     7 |    25 |    55 |   206 ||   293
       Morningstar       |       |       |       |    66 ||    66
Invok: Berserk           |     1 |       |     4 |     5 ||    10
       Burn Spellbooks   |     1 |       |     1 |     2 ||     4
       Trog's Hand       |       |       |     2 |     2 ||     4
       Brothers in Arms  |       |       |       |     2 ||     2
  Use: Scroll            |       |       |       |    27 ||    27
  Eat: Chunk             |       |     6 |    12 |    21 ||    39
       Bread ration      |       |       |     1 |     2 ||     3
       Meat ration       |       |       |       |     1 ||     1
Armor: Chain mail        |    33 |    91 |   138 |    53 ||   315
       Animal skin       |     2 |       |       |       ||     2
       Plate armour      |       |       |       |   508 ||   508
Dodge: Dodged            |    16 |    41 |    92 |   281 ||   430
Block: Shield            |    15 |    68 |   161 |   565 ||   809
